 Dungeon Crawl Stone Soup version 0.30-a0-149-g7f746667c4 (webtiles) character file.

Game seed: 451331095018234741

49 IdlyInterested the Trooper (level 3, 0/29 HPs)
             Began as a Demonspawn Wanderer on Sept 26, 2022.
             Slain by Crazy Yiuf
             ... wielding a +4 quarterstaff of chaos
              (14 damage)
             ... on level 2 of the Dungeon.
             The game lasted 00:05:07 (2484 turns).

IdlyInterested the Trooper (Demonspawn Wanderer)    Turns: 2484, Time: 00:05:08

Health: 0/29       AC:  5    Str: 13    XL:     3   Next: 51%
Magic:  4/4        EV: 14    Int: 15    God:
Gold:   97         SH:  0    Dex: 11    Spells: 3/4 levels left

rFire   . . .      SeeInvis .    q - +10 hammer of Wiasud {elec, rC+ Stlth+}
rCold   + . .      Faith    .    (no shield)
rNeg    . . .      Spirit   .    h - +0 ring mail
rPois   .          Reflect  .    (no helmet)
rElec   .          Harm     .    (no cloak)
rCorr   .          Rampage  .    (no gloves)
Will    +....                    (no boots)
Stlth   ++........               (no amulet)
HPRegen 0.09/turn                n - ring of willpower
MPRegen 0.18/turn                o - +4 ring of evasion

@: no status effects
A: magic regeneration
a: no special abilities


You were on level 2 of the Dungeon.
You visited 1 branch of the dungeon, and saw 2 of its levels.

You collected 97 gold pieces.

Inventory:

Hand Weapons
 a - a +1 spear
 q - the +10 hammer of Wiasud (weapon) {elec, rC+ Stlth+}
   (You found it on level 2 of the Dungeon)

   It occasionally discharges a powerful burst of electricity upon striking a
   foe.
   rC:        It protects you from cold.
   Stlth:     It makes you more stealthy.
Missiles
 j - 11 boomerangs
 l - 6 javelins
Armour
 c - a +0 robe
 f - a +0 leather armour
 h - a +0 ring mail (worn)
Jewellery
 n - a ring of willpower (left hand)
 o - a +4 ring of evasion (right hand)
Scrolls
 e - a scroll of acquirement {unknown}
 g - a scroll of butterflies {unknown}
 m - 2 scrolls of teleportation
 p - a scroll of identify
Potions
 b - 2 potions of curing
 d - 2 potions of brilliance
 i - a potion of attraction
 k - a potion of heal wounds


   Skills:
 + Level 3.4 Fighting
 + Level 2.2 Polearms
 - Level 1.0 Throwing
 + Level 1.5 Armour
 - Level 1.0 Spellcasting
 * Level 2.6 Translocations


You had 3 spell levels left.
You knew the following spells:

 Your Spells              Type           Power      Damage    Failure   Level
a - Apportation           Tloc           16%        N/A       19%         1

Your spell library contained the following spells:

 Spells                   Type           Power      Damage    Failure   Level
 Gell's Gravitas          Tloc           8%         N/A       47%         3
 Iskenderun's Mystic Bla  Conj/Tloc      4%         2d3       97%         4


Dungeon Overview and Level Annotations

Branches:
Dungeon (2/15)

Altars:

Shops:
D:2 :(

Annotations:
D:2 Crazy Yiuf


Innate Abilities, Weirdness & Mutations

You regenerate magic rapidly.


Message History

Found 4 stones.
A rat comes into view.
The rat bites you.
You barely miss the rat. The rat closely misses you.
You hit the rat.
You kill the rat!
You see here a rat corpse.
Found a short sword.
You see here a +0 short sword.
You see here a rat corpse.
p - a scroll of identify You see here the +10 hammer of Wiasud {elec, rC+ Stlth+}.
q - the +10 hammer of Wiasud {elec, rC+ Stlth+}
Okay, then.
Okay, then.
You hear the crackle of electricity.
q - the +10 hammer of Wiasud (weapon)
{elec, rC+ Stlth+}
Found three hammers.
Found a runed translucent door.
Found a hammer.
Crazy Yiuf shouts!
Found two hammers.
You see here a +0 hammer.
You open the door. You hit Crazy Yiuf.
Crazy Yiuf is moderately wounded.
Crazy Yiuf hits you but does no damage.
You barely miss Crazy Yiuf.
Crazy Yiuf is moderately wounded.
Crazy Yiuf hits you with a +4 quarterstaff of chaos!
Crazy Yiuf burns you.
Crazy Yiuf hits you with a +4 quarterstaff of chaos!
Crazy Yiuf burns you.
* * * LOW HITPOINT WARNING * * *
You feel much better.
Crazy Yiuf hits you with a +4 quarterstaff of chaos!
Ouch! That really hurt!
You hit Crazy Yiuf.
Crazy Yiuf is heavily wounded.
Crazy Yiuf hits you with a +4 quarterstaff of chaos!
You die...

###.##..........................#
###)##...........................
#.##.#...........#.#.....##....##
.#.#)##.###################.....#
..#...#..# ###.....# .#...#...#
#...<...# .).#..#.## ###
♣♣####.....# ..#...#.## #).)#♣♣
♣♣........... #........#
#.).g@♣♣♣♣.......#..## .....##.##
#).)#♣..♣......#.#..# ......#.#
### ♣♣♣.♣)...##.#.... .#.#.##.##
♣♣♣♣♣##........ .#.#..)..#
........ ...####..# ### ###
#####.## .### #..# #.# #.# #.##
.# ##.###.#######.# #...
.#######.............# #####..<


You could see Crazy Yiuf.

Vanquished Creatures
  An adder (D:2)
  A worm (D:2)
  A dart slug (D:2)
  4 ball pythons
  2 bats (D:2)
  3 endoplasms
  2 giant cockroaches
  5 goblins
  2 hobgoblins
  2 jackals (D:2)
  2 frilled lizards
  2 kobolds (D:2)
  5 rats
32 creatures vanquished.

Notes
Turn   | Place    | Note
-------+----------+-------------------------------------------
     0 | D:1      | IdlyInterested the Demonspawn Wanderer began the quest for
                  | the Orb.
     0 | D:1      | IdlyInterested set off with the following items: a +1
                  | spear, a potion of curing, a +0 robe; and the following
                  | spell memorised: Apportation; and the following spells
                  | available to memorise: Gell's Gravitas, Iskenderun's Mystic
                  | Blast.
     0 | D:1      | Reached XP level 1. HP: 18/18 MP: 2/2
   634 | D:1      | Gained mutation: You regenerate magic rapidly. [demonic
                  | ancestry]
   634 | D:1      | Reached XP level 2. HP: 24/24 MP: 3/3
  1260 | D:2      | Found Numpura's Book Emporium.
  1312 | D:2      | Found Xafrom Biec's Weapon Boutique.
  1666 | D:2      | Reached XP level 3. HP: 18/29 MP: 4/4
  2473 | D:2      | Identified the +10 hammer of Wiasud {elec, rC+ Stlth+}
  2476 | D:2      | Found a runed translucent door.
  2477 | D:2      | Noticed Crazy Yiuf
  2484 | D:2      | Slain by Crazy Yiuf

Illustrated notes

Levels and vault maps discovered:
D:1:      minmay_arrival_semitransparent, layout_basic
D:2:      layout_basic, serial_shops, nicolae_shop_crystal,
          nicolae_shop_bloodbath_and_beyond, shop, nicolae_shop_trees,
          supply_closet_lemuel, corner_web_ring, minmay_misc_feat_rugged,
          minmay_increasing_density, uniq_crazy_yiuf_cottage

Skill      XL: |  1  2 |
---------------+-------+-----
Translocations | 2 |  2.6
Polearms       | 2 |  2.2
Fighting       | |  3.4
Throwing       | |  1.0
Armour         | |  1.5
Spellcasting   | |  1.0

Action                   || total
-------------------------++-------
Melee: Spear             ||   140
       Mace              ||     3
  Use: Scroll            ||     4
       Potion            ||     2
Armor: Leather armour    ||     6
       Robe              ||     1
       Ring mail         ||    44
Dodge: Dodged            ||   101

Table legend: (Time is in decaauts)
 A = Elapsed time spent in this place.
 B = Non-inter-level travel time spent in this place.
 C = Inter-level travel time spent in this place.
 D = Time resting spent in this place.
 E = Time spent auto-exploring this place.
 F = Levels seen in this place.
 G = Mean time per level.
                   A        B        C        D        E       F      G
               +--------+--------+--------+--------+--------+-----+--------+
         Total |   2483 |   2333 |    150 |    654 |   1285 |   2 | 1241.5 |
       Dungeon |   2483 |   2333 |    150 |    654 |   1285 |   2 | 1241.5 |
               +--------+--------+--------+--------+--------+-----+--------+

Top non-repeatable levels by time:
     D:1: 1246 daAuts
     D:2: 1236 daAuts
